 Dungeon Crawl Stone Soup version 0.29-a0-872-g797fff5ad1 (webtiles) character file.

Game seed: 9605798266976785552

119 27snakeeyes612 the Chucker (level 4, -5/38 HPs)
             Began as a Draconian Wanderer on July 18, 2022.
             Splashed by a jelly's acid (8 damage)
             ... on level 4 of the Dungeon.
             The game lasted 00:03:38 (4166 turns).

27snakeeyes612 the Chucker (Draconian Wanderer)     Turns: 4166, Time: 00:03:38

Health: -5/38      AC:  1    Str: 17    XL:     4   Next: 74%
Magic:  7/7        EV: 11    Int: 15    God:
Gold:   170        SH:  0    Dex: 13    Spells: 7/8 levels left

rFire   . . .      SeeInvis +   n - +3 rapier "Weved" {freeze, Int+6}
rCold   . . .      Faith    .   (no shield)
rNeg    . . .      Spirit   .   (body armour unavailable)
rPois   .          Reflect  .   (helmet restricted)
rElec   .          Harm     .   (no cloak)
rCorr   .          Rampage  .   (no gloves)
Will    .....                   (no boots)
Stlth   +.........              (no amulet)
HPRegen 0.12/turn               l - ring of see invisible
MPRegen 0.10/turn               (no ring)

@: corroded
A: AC +5, unfitting armour, cold-blooded
a: no special abilities


You were on level 4 of the Dungeon.
You visited 1 branch of the dungeon, and saw 4 of its levels.

You collected 170 gold pieces.

Inventory:

Hand Weapons
 a - a +3 dagger
 f - a +0 sling
 n - the +3 rapier "Weved" (weapon) {freeze, Int+6}
   (You found it on level 3 of the Dungeon)

   It freezes those it strikes, dealing additional cold damage.
   It can also slow down cold-blooded creatures.
   Int:       It affects your intelligence (+6).
Missiles
 b - a curare-tipped dart
 p - 10 poisoned darts
Jewellery
 l - a ring of see invisible (left hand)
Wands
 h - a wand of iceblast (10)
Scrolls
 c - a scroll of fear
 d - 2 scrolls of teleportation
 j - 2 scrolls of noise {unknown}
 m - a scroll of identify {unknown}
 o - a scroll of amnesia {unknown}
 r - a scroll of magic mapping {unknown}
 t - a scroll of vulnerability {unknown}
 u - a scroll of blinking {unknown}
Potions
 e - a potion of attraction {unknown}
 g - a potion of berserk rage {unknown}
 i - a potion of cancellation {unknown}
 k - a potion of heal wounds {unknown}
 q - a potion of resistance {unknown}
 s - a potion of degeneration {unknown}


   Skills:
 + Level 3.4 Fighting
 + Level 1.3 Short Blades
 + Level 4.2 Throwing
 - Level 2.5 Spellcasting
 - Level 2.6 Summonings


You had 7 spell levels left.
You knew the following spells:

 Your Spells              Type           Power      Damage    Failure   Level
a - Summon Small Mammal   Summ           36%        N/A       7%          1

Your spell library contained the following spells:

 Spells                   Type           Power      Damage    Failure   Level
 Ensorcelled Hibernation  Hex/Ice        2%         N/A       32%         2
 Summon Guardian Golem    Hex/Summ       5%         N/A       36%         3
 Spider Form              Tmut/Pois      1%         N/A       54%         3
 Anguish                  Hex/Necr       0%         N/A       91%         4


Dungeon Overview and Level Annotations

Branches:
Dungeon (4/15)
 Temple: D:4-7

Altars:
Makhleb

Annotations:
D:2 1 runed translucent door, Crazy Yiuf


Innate Abilities, Weirdness & Mutations

Your plain brown scales are hard. (AC +5)
You cannot fit into any form of body armour.
You are cold-blooded and may be slowed by cold attacks.


Message History

An adder comes into view.
The adder hisses angrily.
You see here a scroll labelled JOICZUMITOMP.
You closely miss the adder.
The adder bites you but does no damage. x2
You puncture the adder! You freeze the adder.
You kill the adder!
No target in view!
No target in view!
No target in view!
No target in view!
No target in view!
No target in view!
No target in view!
No target in view!
No target in view!
d - 3 scrolls labelled JOICZUMITOMP (gained 1)
As you read the scroll labelled JOICZUMITOMP, it crumbles to dust.
You feel strangely unstable.
It was a scroll of teleportation.
Your surroundings suddenly seem different.
A jelly and a worm come into view.
A phantom comes into view.
The jelly quivers.
You hit the jelly. You freeze the jelly.
Your hands burn!
The jelly is lightly wounded.
The jelly hits you. The acid corrodes you!
You are splashed with acid!
The jelly misses you.
You hit the jelly but do no damage.
Your hands burn!
The jelly is lightly wounded.
The jelly hits you.
You are splashed with acid.
You hit the jelly but do no damage.
Your hands burn!
* * * LOW HITPOINT WARNING * * *
The jelly is lightly wounded.
The jelly barely misses you.
You hit the jelly. You freeze the jelly.
Your hands burn!
* * * LOW HITPOINT WARNING * * *
The jelly is heavily wounded.
The jelly hits you.
* * * LOW HITPOINT WARNING * * *
You are splashed with acid!
You die...

.........#.#
ww......#.#
.........#
.........#
.........#
########.#
#.#
#########.#
.....WJ@..#
###########


You could see a phantom and a jelly.

Vanquished Creatures
  A hound (D:3)
  4 adders
  2 worms
  2 orcs (D:3)
  5 ball pythons
  4 endoplasms
  3 giant cockroaches
  4 goblins
  2 hobgoblins (D:2)
  3 kobolds
  A quokka (D:1)
  3 bats
  3 frilled lizards
  3 rats
40 creatures vanquished.

Vanquished Creatures (collateral kills)
  A dart slug (D:2)
  An endoplasm (D:2)
  A goblin (D:1)
  A quokka (D:1)
  A kobold (D:1)
  A rat (D:2)
6 creatures vanquished.

Grand Total: 46 creatures vanquished

Notes
Turn   | Place    | Note
-------+----------+-------------------------------------------
     0 | D:1      | 27snakeeyes612 the Draconian Wanderer began the quest for
                  | the Orb.
     0 | D:1      | 27snakeeyes612 set off with the following items: a +3
                  | dagger, a curare-tipped dart, a scroll of fear; and the
                  | following spell memorised: Summon Small Mammal; and the
                  | following spells available to memorise: Summon Guardian
                  | Golem.
     0 | D:1      | Reached XP level 1. HP: 17/17 MP: 3/3
   502 | D:1      | Reached XP level 2. HP: 19/25 MP: 0/5
  1900 | D:2      | Reached XP level 3. HP: 19/30 MP: 6/6
  2022 | D:2      | Found a faded altar of an unknown god.
  2150 | D:2      | Found a runed translucent door.
  2151 | D:2      | Noticed Crazy Yiuf
  2332 | D:2      | Found a burning altar of Makhleb.
  3104 | D:3      | Identified the +3 rapier "Weved" {freeze, Int+6}
  3178 | D:3      | Reached skill level 4 in Throwing
  3178 | D:3      | Reached XP level 4. HP: 26/38 MP: 7/7
  3701 | D:3      | Reached skill level 1 in Short Blades
  4118 | D:4      | Noticed a black bear
  4159 | D:4      | Noticed a phantom
  4166 | D:4      | Splashed by a jelly's acid

Illustrated notes

Levels and vault maps discovered:
D:1:      dpeg_arrival_chambers_temple_mockup, layout_basic
D:2:      layout_basic, basic_altar, chequers_ecumenical_altar_simple_redux,
          minmay_misc_feat_x, small_statue_intersection, st_stairs_6,
          minmay_misc_feat_rows, hex_large, uniq_crazy_yiuf_cottage
D:3:      layout_basic, minmay_circle_x
D:4:      layout_basic, uniq_blork_the_orc, uniq_robin

Skill      XL: |  1  2  3  4 |
---------------+-------------+-----
Fighting       | 3 |  3.4
Throwing       | 4 |  4.2
Short Blades   | 1 |  1.3
Spellcasting   | |  2.5
Summonings     | |  2.6

Action                   |  1- 3 |  4- 6 || total
-------------------------+-------+-------++-------
Melee: Dagger            |    29 |       ||    29
       Tailslap          |     5 |     2 ||     7
       Rapier            |     8 |    32 ||    40
 Fire: Sling             |    62 |       ||    62
Throw: Dart              |     1 |       ||     1
 Cast: Summon Small Mamm |    39 |       ||    39
  Use: Scroll            |       |     1 ||     1
Armor: Skin              |    24 |     9 ||    33
Dodge: Dodged            |    52 |    14 ||    66

Table legend: (Time is in decaauts)
 A = Elapsed time spent in this place.
 B = Non-inter-level travel time spent in this place.
 C = Inter-level travel time spent in this place.
 D = Time resting spent in this place.
 E = Time spent auto-exploring this place.
 F = Levels seen in this place.
 G = Mean time per level.
                   A        B        C        D        E       F      G
               +--------+--------+--------+--------+--------+-----+--------+
         Total |   4194 |   4009 |    185 |      0 |   3548 |   4 | 1048.5 |
       Dungeon |   4194 |   4009 |    185 |      0 |   3548 |   4 | 1048.5 |
               +--------+--------+--------+--------+--------+-----+--------+

Top non-repeatable levels by time:
     D:2: 1559 daAuts
     D:3: 1337 daAuts
     D:1: 1257 daAuts
     D:4: 39 daAuts
